 Dungeon Crawl Stone Soup version 0.29.1-12-g30fa7ad0bf (webtiles) character file.

Game seed: 8079269015365870270

254 wormed the Ruffian (level 5, -4/50 HPs)
             Began as a Troll Gladiator on Dec 23, 2022.
             Was an Initiate of Ru.
             Killed by nerve-wracking pain
             ... invoked by Grinder
              (14 damage)
             ... on level 5 of the Dungeon.
             The game lasted 00:03:01 (3498 turns).

wormed the Ruffian (Troll Gladiator)                Turns: 3498, Time: 00:03:02

Health: -4/50      AC:  4    Str: 24    XL:     5   Next: 90%
Magic:  4/4        EV: 11    Int:  4    God:    Ru [......]
Gold:   221        SH:  0    Dex: 17    Spells: 4/4 levels left

rFire   . . .      SeeInvis .     - Unarmed
rCold   . . .      Faith    .   (no shield)
rNeg    . . .      Spirit   .   a - +0 robe
rPois   .          Reflect  .   b - +0 hat
rElec   .          Harm     .   (no cloak)
rCorr   .          Rampage  .   (gloves unavailable)
Will    .....                   (boots unavailable)
Stlth   ++........              o - amulet of the acrobat
HPRegen 0.96/turn               q - +6 ring of dexterity
MPRegen 0.09/turn               (no ring)

@: no status effects
A: large, unfitting armour, claws 3, regeneration 1, shaggy fur 1, tough skin 1
a: Renounce Religion


You were on level 5 of the Dungeon.
You worshipped Ru.
Ru was noncommittal.
You visited 2 branches of the dungeon, and saw 6 of its levels.

You collected 221 gold pieces.

Inventory:

Missiles
 c - 3 throwing nets
 d - a large rock (quivered)
Armour
 a - a +0 robe (worn)
 b - a +0 hat (worn)
Jewellery
 o - an amulet of the acrobat (around neck)
 q - a +6 ring of dexterity (left claw)
Scrolls
 e - a scroll of blinking {unknown}
 f - a scroll of summoning {unknown}
 g - 2 scrolls of poison {unknown}
 h - 4 scrolls of teleportation {unknown}
 l - 3 scrolls of identify {unknown}
 n - 3 scrolls of butterflies {unknown}
 p - 3 scrolls of fear {unknown}
 s - a scroll of noise {unknown}
 t - 2 scrolls of amnesia {unknown}
 v - a scroll of immolation {unknown}
Potions
 i - 2 potions of haste {unknown}
 j - a potion of heal wounds {unknown}
 k - 2 potions of cancellation {unknown}
 m - 5 potions of curing {unknown}
 r - a potion of berserk rage {unknown}
 u - a potion of resistance {unknown}


   Skills:
 + Level 2.4 Fighting
 + Level 2.8 Throwing
 + Level 1.7 Armour
 + Level 3.1 Dodging
 * Level 4.5 Unarmed Combat


You had 4 spell levels left.
You didn't know any spells.
Your spell library contained the following spells:

 Spells                   Type           Power      Damage    Failure   Level
 Slow                     Hex            0%         N/A       50%         1
 Summon Small Mammal      Summ           0%         N/A       50%         1
 Call Canine Familiar     Summ           0%         N/A       86%         3
 Confusing Touch          Hex            0%         N/A       86%         3
 Conjure Flame            Conj/Fire      0%         6-21      86%         3
 Ignite Poison            Fire/Tmut/Pois 0%         N/A       86%         3
 Summon Guardian Golem    Hex/Summ       0%         N/A       86%         3
 Vampiric Draining        Necr           0%         2d6       86%         3
 Sticky Flame             Conj/Fire      0%         2d3       99%         4


Dungeon Overview and Level Annotations

Branches:
Dungeon (5/15)             Temple (1/1) D:4

Altars:
Ashenzari
Cheibriados
Dithmenos
Elyvilon
Fedhas
Gozag
Kikubaaqudgha
Makhleb
Nemelex Xobeh
Okawaru
Qazlal
Ru
Sif Muna
Trog
Uskayaw
Vehumet
Wu Jian
Xom
Yredelemnul
Zin
The Shining One

Shops:
D:1 (

Annotations:
D:5 Grinder


Innate Abilities, Weirdness & Mutations

You are too large for most types of armour.
You have claws for hands.
Your natural rate of healing is unusually fast.
You are covered in fur. (AC +1)
You have tough skin. (AC +1)


Message History

Grinder gestures at you. Pain shoots through your body!
There is a stone staircase leading up here.
You claw Grinder!
Grinder is moderately wounded.
Grinder gestures at you. Pain shoots through your body!
You barely miss Grinder.
Grinder is moderately wounded.
Grinder hits you!
You writhe in agony.
You scratch Grinder.
Grinder is moderately wounded.
Grinder hits you.
You writhe in agony.
You scratch Grinder but do no damage.
Grinder is moderately wounded.
Grinder gestures at you.
You suddenly lose the ability to move!
Grinder hits you but does no damage.
Grinder says, "Tell me all your secrets, or I'll kill you."
Grinder hits you but does no damage. Grinder hits you.
You writhe in agony.
* * * LOW HITPOINT WARNING * * *
Grinder hits you.
* * * LOW HITPOINT WARNING * * *
You writhe in agony.
* * * LOW HITPOINT WARNING * * *
You can move again.
Unknown command.
You scratch Grinder.
Grinder is heavily wounded.
A scorpion comes into view.
Grinder barely misses you.
You claw Grinder! Your claw misses Grinder.
Grinder is heavily wounded.
Grinder hits you but does no damage.
You completely miss Grinder.
Grinder is heavily wounded.
Grinder gestures at you. Pain shoots through your body!
You die...

#.#. #.# #.. #.#
##.. #.# #... #.#
#..# #.#
######..#########.#
$.................#
#####..########..#
#.......s...5@...#
......####...###.##
?#.#...........#†#
# #########.#.#.#
............#
#######.#.#######
#.#.#.....#
#.#.#.###.# #.#.#.#
#.#


You could see Grinder and a scorpion.

Vanquished Creatures
  A scorpion (D:5)
  A howler monkey (D:5)
  A hound (D:4)
  6 adders
  4 dart slugs
  3 worms
  5 ball pythons
  5 endoplasms
  A giant cockroach (D:4)
  5 goblins
  7 hobgoblins
  4 jackals (D:2)
  3 quokkas (D:1)
  3 frilled lizards
  6 kobolds
  5 rats
60 creatures vanquished.

Notes
Turn   | Place    | Note
-------+----------+-------------------------------------------
     0 | D:1      | wormed the Troll Gladiator began the quest for the Orb.
     0 | D:1      | Reached XP level 1. HP: 19/19 MP: 0/0
   167 | D:1      | Reached XP level 2. HP: 24/28 MP: 1/1
   289 | D:1      | Found Mofusm's Antique Weapon Boutique.
   368 | D:1      | Found a faded altar of an unknown god.
   828 | D:2      | Reached XP level 3. HP: 35/35 MP: 2/2
  1177 | D:2      | Reached skill level 1 in Armour
  1316 | D:3      | Reached XP level 4. HP: 42/42 MP: 3/3
  1479 | D:3      | Found a shimmering blue altar of Sif Muna.
  1479 | D:3      | Found a blossoming altar of Fedhas.
  1487 | D:3      | Found a radiant altar of Vehumet.
  1489 | D:3      | Found a hide-covered altar of Uskayaw.
  1491 | D:3      | Found a broken altar of Ashenzari.
  2396 | D:4      | Found a bloodstained altar of Trog.
  2520 | D:4      | Found a staircase to the Ecumenical Temple.
  2543 | Temple   | Entered the Ecumenical Temple
  2804 | Temple   | Became a worshipper of Ru the Awakened
  2835 | D:4      | Reached skill level 4 in Unarmed Combat
  2835 | D:4      | Reached XP level 5. HP: 46/49 MP: 4/4
  3196 | D:4      | Found a glowing golden altar of the Shining One.
  3318 | D:5      | Entered Level 5 of the Dungeon
  3472 | D:5      | Noticed Grinder
  3479 | D:5      | Paralysed by Grinder for 4 turns
  3491 | D:5      | Paralysed by Grinder for 5 turns
  3498 | D:5      | Killed from afar by Grinder

Illustrated notes

Levels and vault maps discovered:
D:1:      matt_arrival_los_fun, layout_loops_ring, ebering_ecumenical_altar_box,
          serial_shops, shop, nrook_mini_backslash, corexii_hall_statues_l
D:2:      layout_rooms
D:3:      layout_loops_cross, chequers_temple_overflow_minitemple,
          corner_web_ring
D:4:      layout_loops_corners, nicolae_tso_swordbearing_angel,
          mainiacjoe_overflow_alcove_1, minmay_temple_entry_arrows,
          st_stairs_10, minivault_4, hangedman_decor_points,
          serial_bayou_crossing
D:5:      layout_basic, uniq_grinder
Temple:   dpeg_chambers_temple

Skill      XL: |  1  2  3  4  5 |
---------------+----------------+-----
Throwing       | 2 |  2.8
Fighting       | 2 |  2.4
Armour         | 1 |  1.7
Unarmed Combat | 4 |  4.5
Dodging        | 3 |  3.1

Action                   |  1- 3 |  4- 6 || total
-------------------------+-------+-------++-------
Melee: Unarmed           |    84 |    72 ||   156
       Punch             |     1 |     2 ||     3
 Stab: Sleeping          |     2 |     3 ||     5
Armor: Robe              |    16 |    18 ||    34
Dodge: Dodged            |    32 |    28 ||    60
